 Dungeon Crawl Stone Soup version 0.24.1-8-ga250c9d538 (webtiles) character file.

Game seed: 6082971625475033772, levelgen mode: deterministic

67 Peloso the Skirmisher (level 4, 0/35 HPs)
             Began as a Demonspawn Fighter on Apr 30, 2020.
             Succumbed to Crazy Yiuf's poison
             ... on level 2 of the Dungeon.
             The game lasted 00:01:55 (1295 turns).

Peloso the Skirmisher (Demonspawn Fighter)          Turns: 1295, Time: 00:01:55

Health: 0/35       AC:  6    Str: 18    XL:     4   Next: 0%
Magic:  4/4        EV:  7    Int:  9    God:
Gold:   113        SH:  9    Dex: 12    Spells: 3/3 levels left

rFire    . . .     SeeInvis .   a - +0 long sword
rCold    . . .     Gourm    .   c - +0 shield
rNeg     . . .     Faith    .   b - +0 scale mail
rPois    .         Spirit   .   (no helmet)
rElec    .         Reflect  .   (no cloak)
rCorr    .         Harm     .   (no gloves)
MR       .....                  (no boots)
Stlth    ..........             (no amulet)
HPRegen  0.11/turn              (no ring)
MPRegen  0.09/turn              (no ring)

@: lethally poisoned (0 -> -17), berserk cooldown
A: hooves 2, spiny 1
a: no special abilities


You were on level 2 of the Dungeon.
You were very hungry.

You visited 1 branch of the dungeon, and saw 2 of its levels.

You collected 113 gold pieces.

Inventory:

Hand Weapons
 a - a +0 long sword (weapon)
Armour
 b - a +0 scale mail (worn)
 c - a +0 shield (worn)
Scrolls
 e - 3 scrolls of identify {unknown}
 g - 2 scrolls of remove curse {unknown}
 h - 2 scrolls of enchant weapon {unknown}
 i - 2 scrolls of immolation {unknown}
 k - a scroll of fog {unknown}
Potions
 d - a potion of might
 j - a potion of cancellation
Comestibles
 f - 5 rations


   Skills:
 + Level 3.3 Fighting
 + Level 2.7 Long Blades
 + Level 3.2 Armour
 + Level 3.1 Shields


You had 3 spell levels left.
You didn't know any spells.
Your spell library was empty.

Dungeon Overview and Level Annotations

Branches:
Dungeon (2/15)

Altars:


Innate Abilities, Weirdness & Mutations

You have hoof-like feet.
You are partially covered in sharp spines.


Message History

You feel sick.
You feel your anger nearly subside.
* * * LOW HITPOINT WARNING * * *
You feel sick.
You are no longer berserk.
You are exhausted.
You feel yourself slow down.
* * * LOW HITPOINT WARNING * * *
You feel sick.
There is an open translucent door here.
Things that are here:
a +3 quarterstaff of chaos; a +0 cloak; the gnoll corpse of Crazy Yiuf It was a potion of cancellation.
Your magical effects are unravelling.
You feel magically purged.
You feel yourself speed up.
* * * LOW HITPOINT WARNING * * *
You feel very sick.
It was a potion of magic.
Magic courses through your body.
You die...

#......^.<....#.#
#.........#####.#
#.........'.....#
#......##########
#......# #......#
#......#### #####
#####.....##
###..)#
#......####.@...#
##......#..##...#
##....#.########
########


There were no monsters in sight!

Vanquished Creatures
  Crazy Yiuf (D:2)
  2 dart slugs (D:1)
  A ball python (D:1)
  2 giant cockroaches
  3 goblins (D:1)
  5 hobgoblins
  6 bats
  5 frilled lizards
  7 kobolds
  4 rats
36 creatures vanquished.

Notes
Turn   | Place    | Note
-------+----------+-------------------------------------------
     0 | D:1      | Peloso the Demonspawn Fighter began the quest for the Orb.
     0 | D:1      | Reached XP level 1. HP: 18/18 MP: 1/1
   120 | D:1      | Gained mutation: You are partially covered in sharp spines.
                  | [demonic ancestry]
   120 | D:1      | Reached XP level 2. HP: 20/24 MP: 2/2
   604 | D:1      | Gained mutation: You have large cloven feet. [demonic
                  | ancestry]
   604 | D:1      | Reached XP level 3. HP: 27/29 MP: 3/3
   786 | D:2      | Found a runed translucent door.
   787 | D:2      | Noticed Crazy Yiuf
  1288 | D:2      | Killed Crazy Yiuf
  1288 | D:2      | Gained mutation: You have hoof-like feet. [demonic
                  | ancestry]
  1288 | D:2      | Reached XP level 4. HP: 12/35 MP: 4/4
  1294 | D:2      | HP: 1/35 [poisoned by Crazy Yiuf]
  1295 | D:2      | Succumbed to Crazy Yiuf's poison

Levels and vault maps discovered:
D:1:      wheals_arrival_shading, layout_loops_cross, minmay_split_cup_large
D:2:      layout_basic, uniq_crazy_yiuf_cottage

Skill      XL: |  1  2  3 |
---------------+----------+-----
Long Blades    | 2 |  2.7
Armour         | 3 |  3.2
Shields        | 3 |  3.1
Fighting       | |  3.3

Action                   |  1- 3 |  4- 6 || total
-------------------------+-------+-------++-------
Melee: Long sword        |    85 |       ||    85
       Kick              |     2 |       ||     2
  Use: Potion            |       |     2 ||     2
Armor: Scale mail        |    45 |       ||    45
Dodge: Dodged            |    32 |       ||    32
Block: Shield            |    58 |       ||    58
       Rpst.: Long sword |     8 |       ||     8
